 Dungeon Crawl Stone Soup version 0.26.0-16-gc1dbca0489 (webtiles) character file.

Game seed: 8703855394304938587

996 Delamore the Basher (level 8, 0/49 HPs)
             Began as a Gargoyle Fighter on Jan 20, 2021.
             Was an Initiate of Gozag.
             Slain by Descartes's ghost (7 damage)
             ... on level 5 of the Dungeon.
             The game lasted 00:04:12 (4650 turns).

Delamore the Basher (Gargoyle Fighter)              Turns: 4650, Time: 00:04:13

Health: 0/49       AC: 15    Str: 22    XL:     8   Next: 19%
Magic:  8/8        EV:  5    Int:  9    God:    Gozag
Gold:   568        SH: 10    Dex:  9    Spells: 7/7 levels left

rFire    + . .     SeeInvis .   C - +1 flail (venom)
rCold    . . .     Faith    .   c - +0 kite shield
rNeg     + . .     Spirit   .   f - +0 chain mail (curse)
rPois    ∞         Reflect  .   (no helmet)
rElec    +         Harm     .   v - +0 cloak
rCorr    .         Rampage  .   (no gloves)
Will     .....                  (no boots)
Stlth    ..........             (no amulet)
HPRegen  0.16/turn              r - ring of protection from fire
MPRegen  0.11/turn              (no ring)

@: no status effects
A: negative energy resistance 1, electricity resistance, unbreathing,
petrification resistance, miasma immunity, AC +5
a: Renounce Religion, Potion Petition, Call Merchant, Bribe Branch


You were on level 5 of the Dungeon.
You worshipped Gozag.
Gozag was pleased with you.
You visited 1 branch of the dungeon, and saw 5 of its levels.

You collected 568 gold pieces.

Inventory:

Hand Weapons
 a - a +0 flail
 C - a +1 flail of venom (weapon)
Missiles
 g - 4 poisoned darts (quivered)
Armour
 b - a +0 scale mail
 c - a +0 kite shield (worn)
 f - a cursed +0 chain mail (worn)
 v - a +0 cloak (worn)
Jewellery
 r - a ring of protection from fire (left hand)
Scrolls
 h - 2 scrolls of amnesia {unknown}
 j - a scroll of enchant weapon {unknown}
 k - a scroll of remove curse {unknown}
 n - a scroll of fear {unknown}
 o - 9 scrolls of identify {unknown}
 p - 2 scrolls of fog {unknown}
 q - 4 scrolls of teleportation {unknown}
 t - a scroll of blinking {unknown}
 y - a scroll of magic mapping {unknown}
 A - a scroll of enchant armour {unknown}
 B - a scroll of random uselessness {unknown}
Potions
 d - 3 potions of might
 e - 2 potions of magic {unknown}
 i - a potion of mutation {unknown}
 l - a potion of ambrosia {unknown}
 m - a potion of resistance {unknown}
 s - a potion of invisibility {unknown}
 u - 3 potions of curing {unknown}
 w - a potion of heal wounds {unknown}
 x - a potion of flight {unknown}
 z - 3 potions of brilliance {unknown}


   Skills:
 - Level 5.0 Fighting
 + Level 8.1 Maces & Flails
 - Level 3.2 Armour
 - Level 5.0 Shields


You had 7 spell levels left.
You didn't know any spells.
Your spell library contained the following spells:

 Spells                   Type           Power        Failure   Level
 Confusing Touch          Hex            0%           100%        3
 Gell's Gravitas          Tloc           0%           100%        3
 Petrify                  Tmut/Erth      0%           100%        4
 Metabolic Englaciation   Hex/Ice        0%           100%        5
 Yara's Violent Unravell  Hex/Tmut       0%           100%        5


Dungeon Overview and Level Annotations

Branches:
Dungeon (5/15)
 Temple: D:4-7

Altars:
Dithmenos
Gozag
Trog
Xom

Annotations:
D:5 Descartes's ghost, amateur FeMo; EnegeticOcto's ghost, weakling DDDe


Innate Abilities, Weirdness & Mutations

You are resistant to torment.
Your stone body is resilient. (AC +5)
You are immune to poison.
You resist negative energy. (rN+)
You are resistant to electric shocks. (rElec)
You can survive without breathing.
You are immune to petrification.
You are immune to miasma.


Message History

EnegeticOcto's ghost hits you but does no damage.
You completely miss Descartes's ghost.
Descartes's ghost is heavily damaged.
Descartes's ghost hits you but does no damage.
You block EnegeticOcto's ghost's attack.
You miss Descartes's ghost.
Descartes's ghost is heavily damaged.
You block Descartes's ghost's attack.
EnegeticOcto's ghost wails.
EnegeticOcto's ghost hits you but does no damage.
You closely miss Descartes's ghost.
Descartes's ghost is heavily damaged.
Descartes's ghost hits you!
* * * LOW HITPOINT WARNING * * *
EnegeticOcto's ghost hits you but does no damage.
You miss Descartes's ghost.
Descartes's ghost is heavily damaged.
Descartes's ghost hits you!
You die...
Your body crumbles into a pile of gold.

..........######..###.........#..
..........#.........####'''####..
..........#..........#...........
..........#..........#...........
..........#.####.#####...........
.............#####..)..######....
.............#...#.....#....'....
.............#..W#.....#....#....
.............#..@W.....#....#....
.............#####.....######....
#######..........................
......#...................(......
>.....#..........................
......#..........................
....###..........................
###########.##########+##+####...
....#..............#....#....#...


You could see Descartes's ghost and EnegeticOcto's ghost.

Vanquished Creatures
  An ice beast (D:5)
  2 sky beasts (D:5)
  A phantom (D:5)
  A centaur (D:5)
  A scorpion (D:5)
  A bullfrog zombie (D:5)
  5 jellies
  An orc priest (D:3)
  A hound (D:5)
  2 iguanas (D:4)
  A hound skeleton (D:4)
  A worker ant zombie (D:5)
  A gnoll (D:1)
  7 adders
  4 worms
  2 dart slugs
  3 leopard geckos
  14 orcs
  3 ball pythons (D:2)
  5 giant cockroaches
  6 goblins
  7 hobgoblins
  7 jackals
  2 quokkas (D:5)
  3 bats
  6 frilled lizards
  A jackal skeleton (D:5)
  6 kobolds
  2 leopard gecko skeletons
  6 rats
103 creatures vanquished.

Vanquished Creatures (others)
  25 plants
  6 withered plants (D:5)
31 creatures vanquished.

Grand Total: 134 creatures vanquished

Notes
Turn   | Place    | Note
-------+----------+-------------------------------------------
     0 | D:1      | Delamore the Gargoyle Fighter began the quest for the Orb.
     0 | D:1      | Reached XP level 1. HP: 14/14 MP: 1/1
   202 | D:1      | Reached XP level 2. HP: 19/19 MP: 2/2
   385 | D:1      | Reached XP level 3. HP: 20/24 MP: 3/3
  1067 | D:2      | Reached XP level 4. HP: 21/29 MP: 4/4
  1346 | D:2      | Reached skill level 3 in Maces & Flails
  1514 | D:2      | Found a shadowy altar of Dithmenos.
  1814 | D:3      | Reached XP level 5. HP: 15/34 MP: 5/5
  2028 | D:3      | Found a bloodstained altar of Trog.
  2168 | D:3      | Found a faded altar of an unknown god.
  2200 | D:3      | Became a worshipper of Gozag Ym Sagoz the Greedy
  2908 | D:4      | Reached skill level 5 in Fighting
  2908 | D:4      | Reached skill level 5 in Shields
  2908 | D:4      | Reached XP level 6. HP: 31/40 MP: 6/6
  2912 | D:4      | Reached skill level 4 in Maces & Flails
  3053 | D:4      | Found a shimmering altar of Xom.
  3493 | D:5      | Entered Level 5 of the Dungeon
  3497 | D:5      | Noticed a sky beast
  3508 | D:5      | Killed a sky beast
  3509 | D:5      | Reached skill level 5 in Maces & Flails
  3538 | D:5      | Noticed a phantom
  3551 | D:5      | Killed a phantom
  3552 | D:5      | Reached XP level 7. HP: 40/44 MP: 7/7
  3622 | D:5      | Reached skill level 6 in Maces & Flails
  3640 | D:5      | Reached skill level 7 in Maces & Flails
  3791 | D:5      | Found a runed translucent gate.
  3807 | D:5      | Found a runed translucent gate.
  3807 | D:5      | Found a runed translucent gate.
  3808 | D:5      | Noticed EnegeticOcto's ghost (weakling DDDe)
  3808 | D:5      | Noticed Descartes's ghost (amateur FeMo)
  3881 | D:5      | Reached XP level 8. HP: 31/49 MP: 8/8
  4499 | D:5      | Reached skill level 8 in Maces & Flails
  4650 | D:5      | Slain by Descartes's ghost

Illustrated notes

Levels and vault maps discovered:
D:1:      kennysheep_arrival_forest, layout_loops_ring, serial_bayou_pond_c
D:2:      layout_rooms, nicolae_overflow_hidden_temple,
          minmay_shallow_snake_nest
D:3:      layout_rooms, old_standard_altar, chequers_ecumenical_altar_lobes,
          hex_intersection, chequers_serial_rivers_small_3
D:4:      layout_loops_ring, serial_bayou_lagoon_a, kennysheep_path_1,
          dk_xom_monty_hall
D:5:      layout_gridville, gammafunk_ghost_cemetery

Skill      XL: |  1  2  3  4  5  6  7  8 |
---------------+-------------------------+-----
Fighting       | 4 5 |  5.0
Shields        | 4 5 |  5.0
Maces & Flails | 3 5 7 8 |  8.1
Armour         | |  3.2

Action                   |  1- 3 |  4- 6 |  7- 9 || total
-------------------------+-------+-------+-------++-------
Melee: Flail             |   118 |   199 |   123 ||   440
Armor: Scale mail        |    20 |       |       ||    20
       Chain mail        |    63 |   152 |    79 ||   294
Dodge: Dodged            |    40 |    50 |    25 ||   115
Block: Kite shield       |    72 |   113 |    68 ||   253
